 Dungeon Crawl Stone Soup version 0.18-a0-674-g00855b9 (webtiles) character file.

2108 Yakui the Pious (level 9, 0/70 HPs)
             Began as a Minotaur Monk on Dec 6, 2015.
             Was a Believer of Zin.
             Slain by an iguana (6 damage)
             ... on level 5 of the Dungeon.
             The game lasted 00:33:35 (6379 turns).

Yakui the Pious (Minotaur Monk)                     Turns: 6379, Time: 00:33:35

Health: 0/70       AC:  8    Str: 17    XL:     9   Next: 7%
Magic:  15/15      EV: 12    Int:  7    God:    Zin [**....]
Gold:   171        SH:  0    Dex: 15    Spells: 0 memorised, 8 levels left

rFire  . . .     SeeInvis .       - Unarmed
rCold  . . .     Clarity  .     d - +0 ring mail
rNeg   . . .     SustAt   .     (no shield)
rPois  .         Gourm    .     (helmet restricted)
rElec  .         Spirit   .     q - +0 cloak
rCorr  .         Dismiss  .     i - +1 pair of gloves
rMut   .         Stasis   .     (no boots)
MR     .....                    (no amulet)
Stlth  +.........               (no ring)
                                (no ring)

@: not resistant to hostile enchantments, very unstealthy
A: retaliatory headbutt, horns 2
a: Recite, Vitalisation, Donate Gold, Renounce Religion


You were on level 5 of the Dungeon.
You worshipped Zin.
Zin was pleased with you.
You were not hungry.

You visited 1 branch of the dungeon, and saw 6 of its levels.

You collected 317 gold pieces.
You donated 146 gold pieces to Zin.

Inventory:

Missiles
 p - 8 tomahawks (quivered)
Armour
 d - a +0 ring mail (worn)
 i - a +1 pair of gloves (worn)
 n - a +0 shield
 q - a +0 cloak (worn)
Wands
 x - a wand of digging (7)
Scrolls
 k - 2 scrolls of amnesia
 l - 3 scrolls of teleportation
 m - 2 scrolls of enchant armour
 r - a scroll of fear
 s - a scroll of remove curse
Potions
 a - a potion of cancellation
 g - a potion of brilliance
 o - a potion of might {unknown}
 u - a potion of heal wounds {unknown}
 v - a potion of degeneration {unknown}
 w - a potion of curing {unknown}
Comestibles
 b - 5 bread rations
 f - 4 meat rations
 j - 5 fruits


   Skills:
 - Level 3.6 Fighting
 - Level 3.2 Dodging
 - Level 1.5 Stealth
 - Level 9.1 Unarmed Combat
 + Level 9.4 Invocations


You had 8 spell levels left.
You didn't know any spells.

Dungeon Overview and Level Annotations

Branches:
Dungeon (6/15)             Temple (0/1) D:5

Altars:
Cheibriados
Dithmenos
Elyvilon
Gozag
Nemelex Xobeh
Okawaru
Qazlal
Sif Muna
Xom
Zin

Annotations:
D:2 Sigmund
D:3 xeno23's ghost, amateur HuMo
D:4 exclusion: downstairs
D:5 Pikel
D:6 exclusion: upstairs


Innate Abilities, Weirdness & Mutations

You reflexively headbutt those who attack you in melee.
You have a pair of horns on your head.


Message History

There is a stone staircase leading down here.
You barely miss the iguana. The iguana bites you.
* * * LOW HITPOINT WARNING * * *
You hit the iguana.
The iguana is lightly wounded.
The iguana misses you. You furiously retaliate!
You headbutt the iguana!
Your ring mail prevents you from hitting the iguana.
You headbutt the iguana.
The iguana is heavily wounded.
You closely miss the iguana.
The iguana is heavily wounded.
The iguana bites you but does no damage.
You hit the iguana.
The iguana is severely wounded.
The iguana bites you!
* * * LOW HITPOINT WARNING * * *
You barely miss the iguana.
The iguana is severely wounded.
The iguana bites you.
You die...

.........###[##.........#
..............#.........#
....#########.#.........#
....# #####.........#
....# #...#.........#
.#### #_..'.........# .#
### #...#).######## .#
#<# #####..# .# #K#
#..@### .# #.# #...l.# .#
#.# #.....# .###'#####
#.....# ##.......#
#.....# .'.......#
##....# ##.......# ######
#.......# #########


You could see an iguana.

Vanquished Creatures
  Grinder (D:5)
  2 deep elf fighters (D:5)
  The ghost of xeno23 the Insei, an amateur HuMo (D:5)
  Edmund (D:5)
  4 slaves (D:5)
  A sky beast (D:4)
  An orc warrior (D:4)
  2 ogres
  2 phantoms (D:5)
  2 giant frogs
  3 wights (D:5)
  A centaur zombie (D:5)
  A jelly (D:5)
  Crazy Yiuf (D:2)
  A hound (D:5)
  Jessica (D:2)
  A gnoll shaman (D:6)
  An iguana (D:4)
  4 worker ants
  An orc wizard (D:5)
  A hound skeleton (D:6)
  Robin (D:3)
  10 adders
  4 gnolls (D:4)
  A shadow imp (D:5)
  An ooze (D:4)
  4 worms
  8 orcs
  6 bats
  5 giant cockroaches
  21 goblins
  17 hobgoblins
  10 jackals
  9 kobolds
  2 ball pythons
  6 giant geckos
  3 giant newts
  A quokka skeleton (D:3)
  A quokka zombie (D:5)
  11 rats
154 creatures vanquished.

Notes
Turn   | Place    | Note
--------------------------------------------------------------
     0 | D:1      | Yakui the Minotaur Monk began the quest for the Orb.
     0 | D:1      | Reached XP level 1. HP: 19/19 MP: 0/0
    66 | D:1      | Reached XP level 2. HP: 24/26 MP: 1/1
    70 | D:1      | Reached skill level 5 in Unarmed Combat
   626 | D:1      | Reached XP level 3. HP: 29/31 MP: 2/2
   872 | D:2      | Noticed Sigmund
  1111 | D:2      | Noticed Jessica
  1126 | D:2      | Killed Jessica
  1126 | D:2      | Reached skill level 6 in Unarmed Combat
  1126 | D:2      | Reached XP level 4. HP: 31/39 MP: 3/3
  1204 | D:2      | Found a sparkling altar of Nemelex Xobeh.
  1421 | D:2      | Found an iron altar of Okawaru.
  1425 | D:2      | Found a snail-covered altar of Cheibriados.
  1577 | D:2      | Noticed Crazy Yiuf
  1588 | D:2      | Killed Crazy Yiuf
  2108 | D:3      | Noticed xeno23's ghost (amateur HuMo)
  2155 | D:3      | Found a snail-covered altar of Cheibriados.
  2171 | D:3      | Reached skill level 7 in Unarmed Combat
  2171 | D:3      | Reached XP level 5. HP: 45/45 MP: 4/4
  2182 | D:3      | Found a deep blue altar of Sif Muna.
  2237 | D:3      | Found an opulent altar of Gozag.
  2477 | D:3      | Noticed Robin
  2658 | D:3      | Killed Robin
  2879 | D:3      | Noticed an ogre
  2993 | D:3      | Killed an ogre
  2993 | D:3      | Reached skill level 8 in Unarmed Combat
  2993 | D:3      | Reached XP level 6. HP: 22/51 MP: 5/5
  3542 | D:4      | Found a stormy altar of Qazlal.
  3663 | D:4      | Found a white marble altar of Elyvilon.
  3667 | D:4      | Became a worshipper of Elyvilon the Healer
  3667 | D:4      | Reached * piety under Elyvilon
  3667 | D:4      | Reached ** piety under Elyvilon
  3949 | D:5      | Entered Level 5 of the Dungeon
  3984 | D:4      | Reached skill level 1 in Invocations
  4028 | D:5      | Killed xeno23's ghost
  4028 | D:5      | Reached XP level 7. HP: 42/57 MP: 5/8
  4141 | D:5      | Noticed an angel
  4141 | D:5      | Found a shimmering altar of Xom.
  4141 | D:5      | Found a glowing silver altar of Zin.
  4162 | D:5      | Noticed Pikel
  4162 | D:5      | Fell from the grace of Elyvilon
  4162 | D:5      | Became a worshipper of Zin the Law-Giver
  4162 | D:5      | Reached * piety under Zin
  4162 | D:5      | Reached ** piety under Zin
  4163 | D:5      | Donated 115 gold pieces to Zin
  4231 | D:5      | Noticed Grinder
  4244 | D:4      | Reached skill level 9 in Unarmed Combat
  4303 | D:5      | Killed Grinder
  4303 | D:5      | Reached skill level 5 in Invocations
  4367 | D:5      | Reached XP level 8. HP: 64/64 MP: 11/11
  4447 | D:5      | HP: 2/64 [orc warrior/long sword (9)]
  5087 | D:5      | Found a staircase to the Ecumenical Temple.
  5327 | D:5      | Noticed Edmund
  5348 | D:5      | Killed Edmund
  5843 | D:5      | Found a shadowy altar of Dithmenos.
  5912 | D:5      | Reached XP level 9. HP: 54/70 MP: 14/14
  6379 | D:5      | Slain by an iguana

Vault maps used:
D:1:      dpeg_arrival_prison
D:2:      overflow_temple_1_default, nicolae_overflow_hidden_temple,
          uniq_crazy_yiuf_cottage, uniq_sigmund, uniq_jessica
D:3:      kennysheep_goblin_castle, nicolae_overflow_crystal_walls,
          old_standard_altar, first_bread, cheibriados_altar_1
D:4:      kennysheep_mini, overflow_temple_1_default
D:5:      grunt_temple_overflow_order_and_chaos_1, grunt_dithmenos_shadows,
          sword_in_stone, uniq_edmund, uniq_pikel, uniq_grinder

Action                   |  1- 3 |  4- 6 |  7- 9 || total
-------------------------+-------+-------+-------++-------
Melee: Unarmed           |    78 |   181 |   196 ||   455
Invok: Heal Other        |       |     2 |       ||     2
       Recite            |       |       |    13 ||    13
       Donate Gold       |       |       |     1 ||     1
       Vitalisation      |       |       |     1 ||     1
  Use: Scroll            |       |    10 |     5 ||    15
 Stab: Sleeping          |     3 |       |       ||     3
       Distracted        |       |     1 |       ||     1
       Confused          |       |       |     2 ||     2
  Eat: Chunk             |     1 |     8 |     2 ||    11
       Beef jerky        |       |     1 |     1 ||     2
       Royal jelly       |       |       |     2 ||     2
